 Dungeon Crawl Stone Soup version 0.28.0-45-g0d030f2227 (webtiles) character file.

Game seed: 12626634674158477372

1356 chopper the Shield-Bearer (level 8, -22/67 HPs)
             Began as a Gnoll Fighter on Apr 17, 2022.
             Was an Initiate of Nemelex Xobeh.
             Annihilated by a two-headed ogre
             ... wielding a +0 giant club
              (23 damage)
             ... on level 6 of the Dungeon.
             The game lasted 00:36:37 (6267 turns).

chopper the Shield-Bearer (Gnoll Fighter)           Turns: 6267, Time: 00:36:40

Health: -22/67     AC: 13    Str: 27    XL:     8   Next: 64%
Magic:  13/13      EV: 13    Int:  9    God:    Nemelex Xobeh [......]
Gold:   265        SH:  7    Dex: 22    Spells: 13/13 levels left

rFire   . . .      SeeInvis .   m - +4 mace "Niesteigh" {vorpal, Fly Int+2}
rCold   . . .      Faith    .   c - +0 buckler
rNeg    . . .      Spirit   .   x - +1 ring mail of Cepsirch {Dex+7}
rPois   .          Reflect  .   (no helmet)
rElec   .          Harm     .   j - +1 cloak {Stlth+}
rCorr   .          Rampage  .   L - +2 pair of gloves
Will    .....                   (no boots)
Stlth   +++.......              (no amulet)
HPRegen 0.21/turn               f - +6 ring of strength
MPRegen 0.13/turn               v - +6 ring of strength

@: flying
A: fangs 1, strong nose, distributed training, mutation resistance 1
a: Renounce Religion, Draw Escape, Draw Destruction, Draw Summoning


You were on level 6 of the Dungeon.
You worshipped Nemelex Xobeh.
Nemelex Xobeh was noncommittal.
You visited 2 branches of the dungeon, and saw 7 of its levels.

You collected 265 gold pieces.

Inventory:

Hand Weapons
 a - a +0 war axe
 b - a +2 short sword of freezing
 d - a +3 quarterstaff of chaos
 e - a +2 dagger of venom
 m - the +4 mace "Niesteigh" (weapon) {vorpal, Fly Int+2}
   (You found it on level 3 of the Dungeon)

   It inflicts extra damage upon your enemies.
   Int:       It affects your intelligence (+2).
   Fly:       It grants you flight.
 B - a +0 mace of holy wrath
 D - a +4 dire flail
 E - a +4 hand axe
Missiles
 h - 33 sling bullets
 t - 2 boomerangs (quivered)
 C - 52 bolts
Armour
 c - a +0 buckler (worn)
 j - a +1 cloak of stealth (worn)
 x - the +1 ring mail of Cepsirch (worn) {Dex+7}
   (You found it on level 5 of the Dungeon)

   Dex:       It affects your dexterity (+7).
 H - a +1 chain mail of fire resistance
 L - a +2 pair of gloves (worn)
Jewellery
 f - a +6 ring of strength (left hand)
 k - the ring of Feqoic {AC+4 Int+5}
   (You found it on level 5 of the Dungeon)

   [ring of protection]

   AC:        It affects your AC (+4).
   Int:       It affects your intelligence (+5).
 v - a +6 ring of strength (right hand)
 z - a ring of wizardry
 I - a ring of protection from cold
Wands
 K - a wand of mindburst (3)
Scrolls
 g - a scroll of amnesia {unknown}
 i - 2 scrolls of torment {unknown}
 l - a scroll of teleportation {unknown}
 o - a scroll of silence {unknown}
 r - a scroll of summoning {unknown}
 w - 3 scrolls of immolation
 y - a scroll of brand weapon {unknown}
 A - 2 scrolls of enchant weapon
 F - 2 scrolls of magic mapping {unknown}
 G - a scroll of fog {unknown}
Potions
 n - 2 potions of flight
 p - a potion of cancellation
 q - a potion of berserk rage {unknown}
 s - 4 potions of curing
 u - a potion of attraction {unknown}
 J - a potion of lignification


   Skills:
 + Level 7.4 Fighting
 + Level 3.4 Short Blades
 + Level 3.4 Long Blades
 + Level 5.8 Axes
 + Level 3.4 Maces & Flails
 + Level 3.4 Polearms
 + Level 3.4 Staves
 + Level 3.4 Slings
 + Level 3.4 Bows
 + Level 3.4 Crossbows
 + Level 3.4 Throwing
 + Level 7.4 Armour
 + Level 3.4 Dodging
 + Level 3.4 Stealth
 + Level 7.4 Shields
 + Level 3.4 Unarmed Combat
 + Level 3.4 Spellcasting
 + Level 2.8 Conjurations
 + Level 2.8 Hexes
 + Level 2.8 Summonings
 + Level 2.8 Necromancy
 + Level 2.8 Translocations
 + Level 2.8 Transmutations
 + Level 2.8 Fire Magic
 + Level 2.8 Ice Magic
 + Level 2.8 Air Magic
 + Level 2.8 Earth Magic
 + Level 2.8 Poison Magic
 + Level 3.8 Invocations
 + Level 3.4 Evocations


You had 13 spell levels left.
You didn't know any spells.
Your spell library contained the following spells:

 Spells                   Type           Power      Damage    Failure   Level
 Call Canine Familiar     Summ           6%         N/A       43%         3
 Portal Projectile        Hex/Tloc       12%        N/A       43%         3
 Leda's Liquefaction      Hex/Erth       3%         N/A       85%         4


Dungeon Overview and Level Annotations

Branches:
Dungeon (6/15)             Temple (1/1) D:4

Altars:
Dithmenos
Hepliaklqana
Kikubaaqudgha
Nemelex Xobeh
Okawaru
Sif Muna
Yredelemnul


Innate Abilities, Weirdness & Mutations

You have very sharp teeth.
Your uncanny sense of smell can sniff out nearby items.
Your experience applies equally to all skills.
You are somewhat resistant to further mutation.


Message History

You block the phantom's attack.
You closely miss the phantom.
The phantom is moderately damaged.
The phantom hits you.
The phantom blinks!
You blink.
A two-headed ogre comes into view. It is wielding two +0 giant clubs.
Found a dagger.
Found a stone staircase leading up.
You block the phantom's attack.
You closely miss the phantom.
The phantom is moderately damaged.
The phantom hits you but does no damage.
You barely miss the phantom.
The phantom is moderately damaged.
The phantom hits you but does no damage.
You block the two-headed ogre's attack.
The two-headed ogre hits you with a +0 giant club!!
You hit the phantom. Your bite misses the phantom.
The phantom is moderately damaged.
The phantom barely misses you. You block the two-headed ogre's attack.
The two-headed ogre closely misses you. The phantom hits you.
You hit the phantom. Your bite misses the phantom.
The phantom is heavily damaged.
You block the two-headed ogre's attack. x2; You block the phantom's attack.
You sock the phantom!
You destroy the phantom!
The two-headed ogre barely misses you. x2
You thump the two-headed ogre! You bite the two-headed ogre.
The two-headed ogre is moderately wounded.
The two-headed ogre hits you with a +0 giant club. x2
You hit the two-headed ogre.
The two-headed ogre is moderately wounded.
The two-headed ogre closely misses you. You block the two-headed ogre's attack.
You barely miss the two-headed ogre.
The two-headed ogre is moderately wounded.
You hit the two-headed ogre.
The two-headed ogre is moderately wounded.
The two-headed ogre hits you with a +0 giant club!!
* * * LOW HITPOINT WARNING * * *
The two-headed ogre hits you with a +0 giant club!!
You die...
Your body disappears without a glow.

.)#.#### #..#
#.#....# ##.#
..####[# #.#
###....# #§.#
###.#..# ##.#
#..<#..# ...
#.#.#....#.##..
....######.....####
#.#.# #>.@.# ..###
#).#O# . ##. .# .
<. .# #.. .# #.. .#
... .# ∆ ### ##


You could see a two-headed ogre.

Vanquished Creatures
  Sigmund (D:3)
  A sky beast (D:5)
  2 phantoms
  A wyvern zombie (D:5)
  A scorpion (D:5)
  A water moccasin skeleton (D:5)
  3 wights (D:4)
  A hound (D:5)
  2 jellies (D:5)
  3 orc priests
  Crazy Yiuf (D:3)
  Jessica (D:3)
  A gnoll shaman (D:6)
  5 orc wizards
  An iguana (D:6)
  A killer bee zombie (D:6)
  A hound zombie (D:4)
  A hound skeleton (D:5)
  5 gnolls (D:6)
  5 adders
  A white imp (D:6)
  An ufetubus (D:6)
  An adder skeleton (D:4)
  A worm (D:2)
  3 dart slugs
  13 orcs
  8 endoplasms
  3 giant cockroaches
  7 goblins
  8 hobgoblins
  10 jackals
  5 kobolds
  5 quokkas
  7 ball pythons
  A bat (D:2)
  5 frilled lizards
  3 rats
120 creatures vanquished.

Vanquished Creatures (others)
  2 fungi (D:1)
2 creatures vanquished.

Grand Total: 122 creatures vanquished

Notes
Turn   | Place    | Note
-------+----------+-------------------------------------------
     0 | D:1      | chopper the Gnoll Fighter began the quest for the Orb.
     0 | D:1      | Reached XP level 1. HP: 23/23 MP: 1/1
   121 | D:1      | Reached XP level 2. HP: 27/29 MP: 2/2
   295 | D:1      | Reached XP level 3. HP: 27/35 MP: 3/3
   810 | D:1      | Reached skill level 1 in Invocations
  1045 | D:2      | You fall into a shaft and drop 1 floor!
  1076 | D:3      | Identified the +4 mace "Niesteigh" {vorpal, Fly Int+2}
  1085 | D:3      | Found a runed translucent door.
  1086 | D:3      | Noticed Crazy Yiuf
  1117 | D:3      | Noticed Jessica
  1127 | D:3      | Reached skill level 1 in Short Blades
  1127 | D:3      | Reached skill level 1 in Long Blades
  1127 | D:3      | Reached skill level 1 in Maces & Flails
  1127 | D:3      | Reached skill level 1 in Polearms
  1127 | D:3      | Reached skill level 1 in Staves
  1127 | D:3      | Reached skill level 1 in Slings
  1127 | D:3      | Reached skill level 1 in Bows
  1127 | D:3      | Reached skill level 1 in Crossbows
  1127 | D:3      | Reached skill level 1 in Throwing
  1127 | D:3      | Reached skill level 1 in Dodging
  1127 | D:3      | Reached skill level 1 in Stealth
  1127 | D:3      | Reached skill level 1 in Unarmed Combat
  1127 | D:3      | Reached skill level 1 in Spellcasting
  1127 | D:3      | Reached skill level 1 in Evocations
  1135 | D:3      | Killed Jessica
  1136 | D:3      | Reached XP level 4. HP: 25/41 MP: 5/5
  1437 | D:2      | Reached skill level 1 in Conjurations
  1437 | D:2      | Reached skill level 1 in Hexes
  1437 | D:2      | Reached skill level 1 in Summonings
  1437 | D:2      | Reached skill level 1 in Necromancy
  1437 | D:2      | Reached skill level 1 in Translocations
  1437 | D:2      | Reached skill level 1 in Transmutations
  1437 | D:2      | Reached skill level 1 in Fire Magic
  1437 | D:2      | Reached skill level 1 in Ice Magic
  1437 | D:2      | Reached skill level 1 in Air Magic
  1437 | D:2      | Reached skill level 1 in Earth Magic
  1437 | D:2      | Reached skill level 1 in Poison Magic
  1955 | D:2      | Reached XP level 5. HP: 43/47 MP: 6/6
  2374 | D:3      | Noticed Sigmund
  2383 | D:3      | Killed Sigmund
  2384 | D:3      | Reached XP level 6. HP: 41/53 MP: 6/8
  2651 | D:3      | Found a faded altar of an unknown god.
  3028 | D:3      | Killed Crazy Yiuf
  3029 | D:3      | Reached skill level 5 in Axes
  3557 | D:4      | Identified the +2 robe of the Arena {Dex+4 Archmagi}
  3651 | D:4      | Found a staircase to the Ecumenical Temple.
  3656 | D:4      | Reached XP level 7. HP: 21/60 MP: 10/10
  3893 | Temple   | Entered the Ecumenical Temple
  3982 | Temple   | Became a worshipper of Nemelex Xobeh the Trickster
  4709 | D:5      | Entered Level 5 of the Dungeon
  5146 | D:5      | Reached XP level 8. HP: 52/67 MP: 12/12
  5185 | D:5      | Gained mutation: You are somewhat resistant to further
                  | mutation. [potion of mutation]
  5485 | D:5      | Identified the ring of Feqoic {AC+4 Int+5}
  5492 | D:5      | Identified the +1 ring mail of Cepsirch {Dex+7}
  5838 | D:6      | Reached * piety under Nemelex Xobeh
  6258 | D:6      | Noticed a two-headed ogre
  6267 | D:6      | HP: 1/67 [two-headed ogre/+0 giant club (29)]
  6267 | D:6      | Annihilated by a two-headed ogre

Illustrated notes

Levels and vault maps discovered:
D:1:      erik_arrival_triangle_large, layout_basic, serial_glass,
          glass_columns_a, glass_columns_c, glass_columns_c, glass_columns_a,
          glass_columns_c, glass_columns_a, nrook_mini_vaults,
          minmay_shallow_snake_nest
D:2:      layout_basic
D:3:      layout_rooms, shapermc_ecumenical_altar_mp_highgroup,
          uniq_crazy_yiuf_cottage, uniq_jessica, uniq_sigmund
D:4:      layout_basic, minmay_temple_entry_drinking_statues
D:5:      layout_cave_pools, minmay_starry_boxes
D:6:      layout_basic, lightli_corner_chamber
Temple:   mainiacjoe_temple_archimedes_tessellation

Skill      XL: |  1  2  3  4  5  6  7  8 |
---------------+-------------------------+-----
Invocations    | 1 2 3 |  3.8
Short Blades   | 1 2 3 |  3.4
Long Blades    | 1 2 3 |  3.4
Maces & Flails | 1 2 3 |  3.4
Polearms       | 1 2 3 |  3.4
Staves         | 1 2 3 |  3.4
Slings         | 1 2 3 |  3.4
Bows           | 1 2 3 |  3.4
Crossbows      | 1 2 3 |  3.4
Throwing       | 1 2 3 |  3.4
Dodging        | 1 2 3 |  3.4
Stealth        | 1 2 3 |  3.4
Unarmed Combat | 1 2 3 |  3.4
Spellcasting   | 1 2 3 |  3.4
Evocations     | 1 2 3 |  3.4
Conjurations   | 1 2 |  2.8
Hexes          | 1 2 |  2.8
Summonings     | 1 2 |  2.8
Necromancy     | 1 2 |  2.8
Translocations | 1 2 |  2.8
Transmutations | 1 2 |  2.8
Fire Magic     | 1 2 |  2.8
Ice Magic      | 1 2 |  2.8
Air Magic      | 1 2 |  2.8
Earth Magic    | 1 2 |  2.8
Poison Magic   | 1 2 |  2.8
Axes           | 5 |  5.8
Fighting       | 7 |  7.4
Armour         | 7 |  7.4
Shields        | 7 |  7.4

Action                   |  1- 3 |  4- 6 |  7- 9 || total
-------------------------+-------+-------+-------++-------
Melee: Dagger            |    80 |       |       ||    80
       War axe           |     2 |       |       ||     2
       Bite              |     4 |    12 |    20 ||    36
       Mace              |    10 |    90 |   175 ||   275
Throw: Boomerang         |       |     1 |       ||     1
  Use: Scroll            |       |     4 |     5 ||     9
       Potion            |       |     1 |     4 ||     5
Armor: Scale mail        |    11 |       |       ||    11
       Chain mail        |    53 |    47 |    67 ||   167
       Ring mail         |       |       |    33 ||    33
       Skin              |       |       |     6 ||     6
Dodge: Dodged            |    35 |    34 |   100 ||   169
Block: Buckler           |    25 |    30 |    73 ||   128
